cohdb
Replays
Latest Replays
All Replays
Popular Replays
Top Player Replays
Match Explorer
How It Works
Community
CoH3 Stats
Reddit
Sign in to upload your games and track your stats! →
Sign in with Steam
Match 45849048
Unlisted
Match 45849048
Overview
Messages
Build Orders
End
Construct Infanterie Kompanie
Pioneer Squad
Selects Terror Battlegroup
Grenadier Squad
MG 42 Machine Gun Team
MG 42 Machine Gun Team
MG 42 Machine Gun Team
Selects Machine Gun Camouflage
Construct Luftwaffe Kompanie
Jäger Squad
Jäger Squad
Support Elements
Medical Station
Selects Defend the Fatherland
Jäger Squad
Marder III M Tank Destroyer
Jäger Squad
Marder III M Tank Destroyer
GrW 34 Mortar Team
MillenniumKnight
DireRadiant
AveugleVue
yatakitombe
Houpo
pritongbaboy
0
0
Comments
sign in to comment!
No comments posted yet!